 Dungeon Crawl Stone Soup version 0.16-a0-38-g23a437e (webtiles) character file.

468501 MRaven the Wrestler (level 23, -6/262 HPs)
             Began as a Troll Monk on Aug 2, 2014.
             Was a High Priest of Qazlal.
             Killed by the air
             ... invoked by a titan
              (36 damage)
             ... on Level 5 of the Vaults on Aug 4, 2014.
             The game lasted 06:45:28 (66787 turns).

MRaven the Wrestler (Troll Monk)                   Turns: 66787, Time: 06:45:28

HP  -6/262       AC 41     Str 28      XL: 23   Next: 49%
MP  21/31        EV 11     Int  8      God: Qazlal [*****.]
Gold 2062        SH 23     Dex 22      Spells:  2 memorised, 14 levels left

rFire  + + .     SeeInvis +       - Unarmed
rCold  + . .     Clarity  .     w - +9 armour of the Dragon King {rPois rF+ rC+ MR+}
rNeg   + + .     rCorr    .     Y - +2 shield {AC+3}
rPois  +         rRot     .     E - +1 hat {MR+}
rElec  +         Spirit   .     F - +0 cloak "Smoygolu" {Dex+4 Int+1}
SustAb .         Warding  +     (gloves unavailable)
rMut   .         Stasis   .     (boots unavailable)
Gourm  +                        q - amulet of warding
MR     +++..                    p - ring of the Octopus King {rF+ AC+1 EV+1 Str+1 Dex+1 Int+1}
                                Q - ring "Skarhelu" {rElec rN+ SInv}

@: protected from physical damage, very slightly contaminated, hasted, studying
Throwing, repel missiles, very quick, extremely resistant to hostile
enchantments, extremely unstealthy
A: unfitting armour, claws 3, fast metabolism 3, gourmand, regeneration 2,
robust 1, saprovore 2, shaggy fur 1, tough skin 2
a: Upheaval, Elemental Force, Disaster Area, Renounce Religion
}: 2/15 runes: barnacled, gossamer


You were on level 5 of the Vaults.
You worshipped Qazlal.
Qazlal was extremely pleased with you.
You were very full.

You visited 8 branches of the dungeon, and saw 48 of its levels.
You also visited: Labyrinth and Ice Cave.

You collected 5930 gold pieces.
You spent 3868 gold pieces at shops.

Inventory:

Armour
 w - the +9 armour of the Dragon King (worn) {rPois rF+ rC+ MR+}
   (You bought it in a shop on level 4 of the Orcish Mines)

   It protects you from fire.
   It protects you from cold.
   It protects you from poison.
   It affects your resistance to hostile enchantments.
 E - a +1 hat of magic resistance (worn)
 F - the +0 cloak "Smoygolu" (worn) {Dex+4 Int+1}
   (You found it on level 2 of the Spider Nest)

   It affects your intelligence (+1).
   It affects your dexterity (+4).
 Y - a +2 shield of protection (worn)
Magical devices
 V - a wand of teleportation (1)
Comestibles
 b - 14 meat rations
 f - 16 bread rations
 j - 9 beef jerkies
 B - 2 chunks of human flesh
 L - a slice of pizza
Scrolls
 c - 22 scrolls of remove curse
 d - 7 scrolls of teleportation
 e - 3 scrolls of silence
 g - 8 scrolls of fear
 h - 8 scrolls of recharging
 k - 17 scrolls of identify
 m - 5 scrolls of magic mapping
 s - 3 scrolls of fog
 t - 2 scrolls of holy word
 y - 7 scrolls of amnesia
 D - 4 scrolls of blinking
 I - 4 scrolls of enchant weapon
 J - a scroll of summoning
 S - 2 scrolls of vulnerability
 W - 3 scrolls of enchant armour
Jewellery
 i - an uncursed ring of positive energy
 p - a ring of the Octopus King (right claw) {rF+ AC+1 EV+1 Str+1 Dex+1 Int+1}
   (You found it on level 4 of the Lair of Beasts)

   [ring of protection from fire]

   It affects your AC (+1).
   It affects your evasion (+1).
   It affects your strength (+1).
   It affects your intelligence (+1).
   It affects your dexterity (+1).
   It protects you from fire.
 q - an amulet of warding (around neck)
 v - a +5 ring of evasion
 M - an uncursed ring of protection from magic
 Q - the ring "Skarhelu" (left claw) {rElec rN+ SInv}
   (You took it off a frost giant on level 3 of the Depths)

   [ring of positive energy]

   It insulates you from electricity.
   It protects you from negative energy.
   It enhances your eyesight.
 R - an uncursed ring of see invisible
 T - an uncursed ring of protection from cold
Potions
 l - 4 potions of berserk rage
 n - 6 potions of resistance
 o - a potion of flight
 r - 2 potions of invisibility
 u - 5 potions of cancellation
 x - 6 potions of restore abilities
 z - 3 potions of magic
 A - a potion of might
 K - 3 potions of brilliance
 O - a potion of haste
 P - 2 potions of agility
 U - 4 potions of curing
Books
 C - a manual of Throwing
Miscellaneous
 G - a box of beasts
 H - a lantern of shadows


   Skills:
 + Level 16.2 Fighting
 * Level 15.2 Armour
 + Level 12.3 Dodging
 - Level 1.1 Stealth
 * Level 11.6 Shields
 + Level 22.9 Unarmed Combat
 - Level 7.4 Charms
 - Level 10.9 Invocations


You had 14 spell levels left.
You knew the following spells:

 Your Spells              Type           Power        Failure   Level  Hunger
a - Swiftness             Chrm/Air       #.......     100%        2    ###....
b - Haste                 Chrm           ##......     100%        6    #######


Dungeon Overview and Level Annotations

Branches:
Dungeon (15/15)            Temple (1/1) D:6             Orc (4/4) D:10
    Elf (0/3) Orc:3          Lair (8/8) D:11         Shoals (5/5) Lair:6
 Spider (5/5) Lair:6        Slime (0/6) Lair:6       Vaults (5/5) D:13
  Crypt (0/3) Vaults:3     Depths (5/5) D:15            Zot (0/5) Depths:5

Altars:
Ashenzari
Dithmenos
Kikubaaqudgha
Makhleb
Qazlal
Sif Muna
Trog
Xom
Yredelemnul
The Shining One
Beogh
Jiyva

Shops:
D:5 }   Orc:3 }   Orc:4 :[((

Portals:
Hell: Depths:1 Depths:2 Depths:3 Depths:4 Depths:5
Abyss: Depths:4
Pandemonium: Depths:3 Depths:4
Ziggurat: Depths:3


Innate Abilities, Weirdness & Mutations

You are too large for most types of armour.
You have claws for hands.
Your metabolism is lightning-fast.
You like to eat raw meat.
You heal very quickly.
You can eat rotten meat.
You are covered in fur (AC +1).
You have very tough skin (AC +2).
You are robust (+10% HP).


Message History

The deep troll earth mage bites you!
* * * LOW HITPOINT WARNING * * *
The deep troll earth mage claws you but does no damage.
You block the deep troll earth mage's attack.
You eviscerate the deep troll earth mage!!!
You kill the deep troll earth mage!
Qazlal accepts your kill.
Drink which item? (? for menu, Esc to quit)
You feel yourself speed up.
The blue devil swoops through the air toward you!
The blue devil tries to attack you, but flinches away.
The deep elf high priest wields a shortbow.
The deep elf high priest shoots an arrow of frost.
The arrow of frost misses you.
The deep elf summoner casts a spell.
The deep elf summoner blinks!
The titan shouts!
The titan waves its arms in wide circles.
The air twists around and strikes you!
You die...

#..# !( #..# =/?
#..#. .....
#..#..# #.....
#..#..# #.....
#..#..# C.....
#4§#..# ?#..
#.§#..##### ##.
#§@#....... ##
#.§e3..C.... #
#§.p.##########
#......§§..p....
#.......§.......
################


You could see a titan, a vault guard, a deep elf high priest, a smoke demon and
a blue devil.

Vanquished Creatures
  An ancient lich (Vaults:5)
  Saint Roka (Orc:4)
  Sojobo (Depths:2)
  Norris (Depths:2)
  Frederick (Depths:3)
  A tentacled monstrosity (Vaults:5)
  5 liches
  A quicksilver dragon (Vaults:5)
  2 titans
  4 octopode crushers
  2 krakens
  Polyphemus (Shoals:3)
  3 storm dragons
  2 sphinxes
  4 shadow dragons
  A draconian monk (Depths:5)
  5 tengu reavers
  Ilsuiw (Shoals:4)
  10 vault wardens
  5 fire giants
  A large abomination (Vaults:1)
  A draconian scorcher (Depths:5)
  2 deep elf sorcerers
  2 ghost moths (Spider:5)
  6 frost giants
  2 iron dragons
  A cacodemon (Depths:2)
  Louise (Spider:2)
  9 emperor scorpions
  The ghost of Charly the Destroyer, a powerful TeAE of Vehumet (Spider:5)
  The ghost of WhatIsLove the Reanimator, a powerful DsNe of Dithmenos (D:13)
  Jorgrun (Vaults:2)
  3 very ugly things (Depths:3)
  A war gargoyle (Vaults:5)
  A vampire knight (D:14)
  2 spriggan defenders (Depths:3)
  16 stone giants
  2 grey draconians (Depths:5)
  3 black draconians (Depths:5)
  3 deep elf annihilators
  8 dire elephants
  A green death (Vaults:5)
  12 ettins
  12 merfolk javelineers
  9 minotaurs
  6 yaktaur captains
  2 crystal guardians
  13 merfolk impalers
  18 fire dragons
  25 vault guards
  4 great orbs of eyes
  A rakshasa (Depths:1)
  A deep elf high priest (Depths:3)
  14 ironheart preservers
  5 hydras
  19 ogre magi
  11 centaur warriors
  8 ice dragons
  A ghost crab (Vaults:3)
  3 spriggan air magi
  6 sirens
  Erica (Lair:1)
  3 alligator snapping turtles
  An anaconda (Lair:8)
  14 deep troll earth magi
  A satyr (Shoals:4)
  4 spriggan berserkers
  4 merfolk aquamancers
  10 deep troll shamans
  18 death yaks
  A vampire mage (D:14)
  Urug (Spider:1)
  A shock serpent (shapeshifter) (Depths:2)
  3 catoblepae
  14 hell knights
  Nergalle (Lair:7)
  A storm dragon zombie (Depths:3)
  6 iron trolls
  A titan skeleton (Depths:3)
  4 deep elf knights
  18 skeletal warriors
  2 storm dragon skeletons
  A fire crab (shapeshifter) (D:13)
  12 orb spiders
  25 deep trolls
  13 sea snakes
  2 giant orange brains
  4 unseen horrors
  4 flayed ghosts
  A shadow wraith (Vaults:4)
  A sea snake (shapeshifter) (Vaults:2)
  A shadow demon (Depths:4)
  A gelid demonspawn (Depths:4)
  An ice statue (IceCv)
  Erolcha (D:8)
  A shadow dragon zombie (Depths:3)
  A phantasmal warrior (Vaults:4)
  11 necromancers
  17 ironbrand convokers
  A golden dragon skeleton (Depths:3)
  21 harpies
  21 orc knights
  5 red wasps
  8 wizards
  A sixfirhy (Depths:4)
  A red wasp (shapeshifter) (D:15)
  3 moths of wrath
  A salamander (shapeshifter) (Vaults:1)
  16 fauns
  A faun (shapeshifter) (Depths:3)
  11 cyclopes
  17 manticores
  5 water nymphs
  6 hill giants
  5 black mambas
  33 ugly things
  2 drowned souls (Shoals:5)
  14 griffons
  3 orc sorcerers
  A stone giant skeleton (Vaults:4)
  11 mermaids
  14 elephants
  28 wolf spiders
  A centaur zombie (D:12)
  10 vault sentinels
  A queen ant (Spider:3)
  2 torpor snails
  An orange crystal statue (Vaults:4)
  A spriggan skeleton (Depths:3)
  An iron devil (Depths:4)
  13 spiny frogs
  An efreet (D:12)
  78 yaktaurs
  3 kobold demonologists
  A spriggan zombie (Depths:3)
  A storm dragon simulacrum (Depths:3)
  2 yaktaur zombies
  11 demonic crawlers
  5 komodo dragons
  7 deep elf priests
  Grinder (D:4)
  5 freezing wraiths
  A tengu conjurer (Depths:2)
  54 merfolk
  A tengu simulacrum (Vaults:3)
  A shadow dragon simulacrum (Depths:3)
  3 fire drakes
  A polar bear (shapeshifter) (Vaults:2)
  14 polar bears
  A queen bee (shapeshifter) (Depths:4)
  18 jumping spiders
  29 two-headed ogres
  3 frost giant simulacra
  A blue devil (Vaults:5)
  28 slime creatures
  4 wind drakes
  6 deep elf magi
  A minotaur skeleton (Depths:3)
  6 ravens (Depths:2)
  10 trolls
  3 boulder beetles
  2 wyverns
  6 flying skulls (D:14)
  40 blink frogs
  5 human simulacra
  15 snapping turtles
  A spriggan (shapeshifter) (Vaults:3)
  4 spriggans
  4 air elementals
  A sphinx simulacrum (Vaults:2)
  32 redbacks
  8 vampires
  An ettin skeleton (Vaults:2)
  4 basilisks
  16 tarantellas
  A neqoxec (Depths:4)
  5 wraiths
  74 yaks
  A hill giant zombie (D:12)
  24 trapdoor spiders
  21 water elementals
  Eustachio (D:5)
  2 golden eyes (shapeshifter)
  A yaktaur simulacrum (Vaults:3)
  13 deep elf fighters
  21 vampire mosquitoes
  10 wargs
  13 hippogriffs
  A hill giant skeleton (D:10)
  8 hungry ghosts
  A fire bat (shapeshifter) (D:13)
  A deep troll zombie (Vaults:2)
  Edmund (D:4)
  16 water moccasins
  29 soldier ants
  2 mottled dragons
  15 wolves
  2 tengu zombies
  4 phantoms
  9 spiders
  12 porcupines
  A tengu skeleton (D:13)
  A dwarf (shapeshifter) (Depths:1)
  8 ice beasts
  2 manticore zombies
  A black bear (D:7)
  An elf zombie (Vaults:4)
  6 necrophages (D:10)
  17 boggarts
  2 boring beetles
  6 sky beasts
  11 yellow wasps
  27 centaurs
  76 ogres
  63 orc warriors
  20 crocodiles
  A manticore skeleton (D:8)
  Duvessa (D:4)
  6 big kobolds
  13 giant frogs
  A giant frog (shapeshifter) (Depths:1)
  A cyclops zombie (D:10)
  6 earth elementals (Depths:1)
  3 human skeletons
  5 scorpions
  The ghost of TZer0 the Cudgeler, a weakling OgDK of Yredelemnul (D:3)
  An elf simulacrum (Vaults:4)
  An eye of draining (D:15)
  A cyclops skeleton (D:11)
  A hippogriff zombie (D:8)
  2 yak zombies (D:10)
  A boulder beetle zombie (D:15)
  12 wights
  11 killer bees
  2 troll skeletons
  Dowan (D:4)
  7 crimson imps
  9 goliath beetles
  A boring beetle zombie (Depths:3)
  15 jellies
  2 giant frog zombies (D:10)
  17 human zombies
  15 hounds
  3 electric eels
  A giant frog skeleton (D:7)
  36 orc priests
  An elf skeleton (D:13)
  33 orc wizards
  10 iguanas
  An orange rat (shapeshifter) (Vaults:1)
  20 worker ants
  3 sheep (Vaults:1)
  A boulder beetle simulacrum (Vaults:2)
  A big kobold zombie (D:9)
  An ogre zombie (D:6)
  A sky beast zombie (D:10)
  A hound zombie (D:10)
  5 ogre skeletons
  13 gnolls
  3 worker ant zombies
  23 adders
  38 green rats
  4 orc zombies
  A shadow imp (D:6)
  A giant mite (D:10)
  2 white imps (Vaults:3)
  3 worms
  An adder zombie (D:8)
  An adder skeleton (D:10)
  An orc skeleton (D:10)
  5 giant geckos
  12 oozes
  237 orcs
  3 ball pythons
  16 hobgoblins
  7 jackals
  13 quokkas
  15 bats
  4 giant cockroaches
  3 giant newts
  2 giant spores
  33 goblins
  A goblin skeleton (D:4)
  2 goblin zombies
  28 kobolds
  16 rats
  3 ballistomycetes
  2 bushes
  2 crawling corpses
  76 fungi
  74 plants
  8 tentacles
  A tentacle segment (Shoals:2)
2633 creatures vanquished.

Vanquished Creatures (collateral kills)
  An ice dragon (Depths:1)
  2 hydras
  A merfolk aquamancer (Shoals:5)
  A merfolk (Shoals:5)
  An air elemental (Orc:4)
  A boggart (D:15)
  A centaur (D:14)
  A giant frog (Lair:7)
  An orc (Orc:4)
10 creatures vanquished.

Vanquished Creatures (others)
  Asterion (Spider:1)
  2 black draconians (Depths:5)
  A tengu warrior (Depths:2)
  A shadow wraith (Vaults:3)
  2 fauns (Shoals:3)
  20 drowned souls
  2 yaktaurs (Depths:1)
  A two-headed ogre (Depths:3)
  2 ravens (Depths:2)
  A redback (Spider:5)
  2 water elementals
  An air elemental (Depths:1)
  2 fire elementals
  A wolf (IceCv)
  An orc warrior (Vaults:2)
  2 ogres
  An ice beast (Vaults:2)
  2 earth elementals
  An ogre skeleton (Depths:3)
  A gnoll (Depths:4)
  A kobold (D:13)
  A goblin (Orc:4)
  A bush (Lair:5)
  4 fungi
  6 plants
  18 tentacles
  249 tentacle segments
327 creatures vanquished.

Grand Total: 2970 creatures vanquished

Notes
Turn   | Place    | Note
--------------------------------------------------------------
     0 | D:1      | MRaven, the Troll Monk, began the quest for the Orb.
     0 | D:1      | Reached XP level 1. HP: 22/22 MP: 1/1
   305 | D:1      | Reached XP level 2. HP: 29/29 MP: 1/1
   937 | D:2      | Reached XP level 3. HP: 36/36 MP: 2/2
  1246 | D:3      | Reached XP level 4. HP: 25/44 MP: 2/2
  1251 | D:3      | Reached skill level 5 in Unarmed Combat
  1756 | D:3      | Noticed TZer0's ghost (weakling OgDK)
  1767 | D:3      | Killed TZer0's ghost
  1767 | D:3      | Reached XP level 5. HP: 15/53 MP: 2/2
  2030 | D:4      | Noticed Edmund
  2043 | D:4      | Killed Edmund
  2043 | D:4      | Reached skill level 6 in Unarmed Combat
  2043 | D:4      | Reached XP level 6. HP: 51/61 MP: 3/3
  2122 | D:4      | Noticed Duvessa
  2122 | D:4      | Noticed Dowan
  2145 | D:4      | Killed Duvessa
  2190 | D:4      | Killed Dowan
  2279 | D:4      | Noticed Grinder
  2299 | D:4      | Paralysed by Grinder for 7 turns
  2334 | D:4      | Killed Grinder
  2334 | D:4      | Reached skill level 7 in Unarmed Combat
  2334 | D:4      | Reached XP level 7. HP: 33/70 MP: 3/3
  2503 | D:4      | Noticed a phantom
  2545 | D:4      | Killed a phantom
  3089 | D:5      | Entered Level 5 of the Dungeon
  3221 | D:5      | Noticed Eustachio
  3229 | D:5      | Killed Eustachio
  3229 | D:5      | Reached skill level 8 in Unarmed Combat
  3229 | D:5      | Reached XP level 8. HP: 79/79 MP: 3/3
  3625 | D:5      | Found Praqea Fuqeg's Gadget Boutique.
  4197 | D:6      | Found a staircase to the Ecumenical Temple.
  4206 | Temple   | Entered the Ecumenical Temple
  4215 | Temple   | Became a worshipper of Qazlal Stormbringer
  4215 | Temple   | Acquired Qazlal's first power
  4215 | Temple   | Acquired Qazlal's second power
  4562 | D:6      | Reached skill level 5 in Fighting
  4562 | D:6      | Reached skill level 1 in Invocations
  5020 | D:7      | Reached skill level 9 in Unarmed Combat
  5024 | D:7      | Reached skill level 5 in Dodging
  5365 | D:7      | Reached XP level 9. HP: 81/88 MP: 6/6
  6499 | D:8      | Reached skill level 10 in Unarmed Combat
  6622 | D:8      | Noticed Erolcha
  6632 | D:8      | Killed Erolcha
  6785 | D:8      | Acquired Qazlal's third power
  7083 | D:9      | Reached XP level 10. HP: 74/98 MP: 10/10
  7227 | D:9      | Reached skill level 11 in Unarmed Combat
  8295 | D:9      | Reached skill level 5 in Invocations
  8705 | D:10     | Entered Level 10 of the Dungeon
  8794 | D:10     | Acquired Qazlal's fourth power
  8910 | D:10     | Reached skill level 12 in Unarmed Combat
  8910 | D:10     | Reached XP level 11. HP: 89/109 MP: 14/14
  8975 | D:10     | Found a staircase to the Orcish Mines.
 10634 | D:11     | Acquired Qazlal's fifth power
 10975 | D:11     | Reached skill level 13 in Unarmed Combat
 10989 | D:11     | Found a glowing golden altar of the Shining One.
 11070 | D:11     | Noticed an angel
 11364 | D:11     | Learned a level 2 spell: Swiftness
 11441 | D:11     | Found a staircase to the Lair.
 12080 | D:12     | Noticed a hill giant
 12084 | D:12     | Killed a hill giant
 12084 | D:12     | Reached XP level 12. HP: 119/119 MP: 18/18
 12108 | D:12     | Noticed a hill giant
 12118 | D:12     | Killed a hill giant
 12892 | D:12     | Noticed a wizard
 12904 | D:12     | Killed a wizard
 13120 | D:13     | Noticed a centaur warrior
 13164 | D:13     | Killed a centaur warrior
 13250 | D:13     | Reached skill level 14 in Unarmed Combat
 13407 | D:13     | Noticed WhatIsLove's ghost (powerful DsNe)
 13548 | D:13     | Noticed an ogre mage
 13560 | D:13     | Killed an ogre mage
 13796 | D:13     | Killed WhatIsLove's ghost
 13796 | D:13     | Reached XP level 13. HP: 25/130 MP: 21/21
 14546 | D:13     | Found a gate to the Vaults.
 15397 | D:14     | Reached skill level 15 in Unarmed Combat
 15526 | D:14     | Found a viscous altar of Jiyva.
 15894 | D:14     | Noticed a vampire knight
 15903 | D:14     | Killed a vampire knight
 16466 | Lair:1   | Entered Level 1 of the Lair of Beasts
 16730 | Lair:1   | Noticed Erica
 16744 | Lair:1   | Killed Erica
 18009 | Lair:2   | Found a labyrinth entrance.
 18013 | Lab      | Entered a labyrinth
 18207 | Lab      | Identified the Papyrus of Good Luck
 19273 | Lair:3   | Reached skill level 10 in Fighting
 19273 | Lair:3   | Reached XP level 14. HP: 133/143 MP: 23/23
 19781 | Lair:3   | Found a stormy altar of Qazlal.
 20039 | Lair:3   | Reached skill level 16 in Unarmed Combat
 20633 | Lair:4   | Found a frozen archway.
 20641 | IceCv    | Entered an ice cave
 20662 | IceCv    | Gained mutation: You are robust (+10% HP). [potion of beneficial mutation]
 20907 | IceCv    | Noticed a frost giant
 21073 | IceCv    | Reached skill level 10 in Dodging
 21235 | IceCv    | Killed a frost giant
 21507 | Lair:4   | Got a ring of the Octopus King
 22250 | Lair:5   | Identified a ring of the Octopus King {rF+ AC+1 EV+1 Str+1 Dex+1 Int+1} (You found it on level 4 of the Lair of Beasts)
 22292 | Lair:5   | Learned a level 6 spell: Haste
 22809 | Lair:6   | Reached skill level 10 in Invocations
 22993 | Lair:6   | Found a hole to the Spider Nest.
 23015 | Lair:6   | Found a staircase to the Slime Pits.
 23056 | Lair:6   | Reached skill level 1 in Charms
 23338 | Lair:6   | Found a staircase to the Shoals.
 24435 | Lair:7   | Noticed Nergalle
 24442 | Lair:7   | Killed Nergalle
 24520 | Lair:6   | Reached XP level 15. HP: 58/167 MP: 25/25
 24530 | Lair:6   | Reached skill level 17 in Unarmed Combat
 25553 | Lair:8   | Entered Level 8 of the Lair of Beasts
 27262 | Orc:1    | Entered Level 1 of the Orcish Mines
 27635 | Orc:2    | Found a roughly hewn altar of Beogh.
 28484 | Orc:1    | Found a roughly hewn altar of Beogh.
 29004 | Orc:3    | Found Pnetwuane's Gadget Emporium.
 29006 | Orc:3    | Found a staircase to the Elven Halls.
 29057 | Orc:3    | Found a bloodstained altar of Trog.
 29465 | Orc:4    | Entered Level 4 of the Orcish Mines
 29503 | Orc:4    | Found a roughly hewn altar of Beogh.
 29620 | Orc:4    | Found a roughly hewn altar of Beogh.
 29814 | Orc:4    | Found a roughly hewn altar of Beogh.
 29819 | Orc:4    | Found Xoihic's Weapon Emporium.
 30105 | Orc:4    | Noticed Saint Roka
 30130 | Orc:4    | Killed Saint Roka
 30169 | Orc:4    | Reached skill level 5 in Charms
 30470 | Orc:4    | Found a roughly hewn altar of Beogh.
 30471 | Orc:4    | Found Relingix's Book Boutique.
 30566 | Orc:4    | Found a roughly hewn altar of Beogh.
 30650 | Orc:4    | Found a roughly hewn altar of Beogh.
 30689 | Orc:4    | Found Gimn's Antique Weapon Boutique.
 30689 | Orc:4    | Found a roughly hewn altar of Beogh.
 30693 | Orc:4    | Found Xaadamul's Antique Armour Shop.
 31633 | D:14     | Found a basalt altar of Yredelemnul.
 31877 | D:15     | Entered Level 15 of the Dungeon
 31891 | D:15     | Reached XP level 16. HP: 178/178 MP: 26/26
 32241 | D:15     | Found a deep blue altar of Sif Muna.
 32288 | D:15     | Found a staircase to the Depths.
 32292 | D:15     | Reached skill level 18 in Unarmed Combat
 32798 | D:15     | Found a roughly hewn altar of Beogh.
 33149 | Depths:1 | Entered Level 1 of the Depths
 33789 | Shoals:1 | Entered Level 1 of the Shoals
 34380 | Shoals:1 | Upgraded the game from 0.15-a0-2388-g9f833ab to 0.16-a0-5-g756871a
 35774 | Shoals:3 | Noticed Polyphemus
 35786 | Shoals:3 | Killed Polyphemus
 36195 | Shoals:3 | Reached XP level 17. HP: 174/189 MP: 27/27
 36332 | Shoals:3 | Reached skill level 19 in Unarmed Combat
 38626 | Shoals:5 | Entered Level 5 of the Shoals
 39240 | Shoals:5 | Noticed Ilsuiw
 39653 | Shoals:4 | Killed Ilsuiw
 40597 | Orc:4    | Bought the +9 armour of the Dragon King {rPois rF+ rC+ MR+} for 3868 gold pieces
 41078 | Shoals:5 | Reached skill level 1 in Armour
 41444 | Shoals:5 | Got a barnacled rune of Zot
 42019 | Shoals:5 | Reached skill level 20 in Unarmed Combat
 42019 | Shoals:5 | Reached XP level 18. HP: 153/202 MP: 28/28
 43099 | Vaults:1 | Entered Level 1 of the Vaults
 43637 | Vaults:1 | Reached skill level 5 in Armour
 44249 | Vaults:1 | Paralysed by an orc sorcerer for 7 turns
 45452 | Vaults:2 | Noticed Jorgrun
 45544 | Vaults:2 | Killed Jorgrun
 45694 | Vaults:2 | Reached skill level 21 in Unarmed Combat
 45917 | Vaults:2 | Reached XP level 19. HP: 158/214 MP: 28/28
 46607 | Vaults:2 | Found a deep blue altar of Sif Muna.
 48383 | Vaults:3 | Identified a scroll of acquirement
 48568 | Vaults:3 | Found a staircase to the Crypt.
 50068 | Vaults:4 | Reached XP level 20. HP: 200/226 MP: 29/29
 50072 | Vaults:4 | Reached skill level 22 in Unarmed Combat
 50252 | Vaults:4 | Reached skill level 10 in Armour
 51697 | Spider:1 | Entered Level 1 of the Spider Nest
 51823 | Spider:1 | Noticed Urug
 51824 | Spider:1 | Noticed Asterion
 51830 | Spider:1 | Killed Urug
 51836 | Spider:1 | Killed Asterion
 52480 | Spider:2 | Got a crude cloak
 52493 | Spider:2 | Identified the +0 cloak "Smoygolu" {Dex+4 Int+1} (You found it on level 2 of the Spider Nest)
 52570 | Spider:2 | Noticed Louise
 52578 | Spider:2 | Killed Louise
 53997 | Spider:3 | Reached skill level 1 in Shields
 55100 | Spider:5 | Entered Level 5 of the Spider Nest
 55415 | Spider:5 | Noticed Charly's ghost (powerful TeAE)
 55424 | Spider:5 | Killed Charly's ghost
 56113 | Spider:5 | Got a gossamer rune of Zot
 57563 | Depths:1 | Reached XP level 21. HP: 236/236 MP: 30/30
 57589 | Depths:1 | Upgraded the game from 0.16-a0-5-g756871a to 0.16-a0-38-g23a437e
 57592 | Depths:1 | Noticed an octopode crusher
 57602 | Depths:1 | Killed an octopode crusher
 57743 | Depths:1 | Found a gateway to Hell.
 58277 | Depths:1 | Reached skill level 5 in Shields
 58782 | Depths:2 | Noticed Sojobo
 59533 | Depths:2 | Reached skill level 15 in Fighting
 59615 | Depths:2 | Killed Sojobo
 59708 | Depths:2 | Noticed Norris
 59724 | Depths:2 | Killed Norris
 60940 | Depths:3 | Found a gateway to a ziggurat.
 61312 | Depths:2 | Gained mutation: Your body is slowly deteriorating. [a cacodemon]
 61613 | Depths:3 | Noticed Frederick
 61624 | Depths:3 | Killed Frederick
 61730 | Depths:3 | Reached XP level 22. HP: 171/250 MP: 30/30
 62915 | Depths:3 | Got a sparkling ivory ring
 62930 | Depths:3 | Got a shimmering iron ring
 62931 | Depths:3 | Identified the ring "Skarhelu" {rElec rN+ SInv} (You took it off a frost giant on level 3 of the Depths)
 62932 | Depths:3 | Identified the ring of the Imp {rN+ Str+2 Dex+2 Stlth--} (You found it on level 3 of the Depths)
 63032 | Depths:3 | Found a one-way gate leading to the halls of Pandemonium.
 63313 | Depths:4 | Found a one-way gate to the infinite horrors of the Abyss.
 63998 | Depths:4 | Reached skill level 10 in Shields
 64125 | Depths:4 | Identified the Volume of Shifting Conjuration (You found it on level 4 of the Depths)
 64562 | Depths:4 | Gained mutation: Your vision is a little blurry. [a neqoxec]
 64824 | Depths:5 | Entered Level 5 of the Depths
 65410 | Depths:5 | Reached XP level 23. HP: 190/262 MP: 31/31
 65820 | Depths:5 | Found a gate to the Realm of Zot.
 65995 | Depths:5 | Lost mutation: Your vision is a little blurry. [potion of cure mutation]
 65995 | Depths:5 | Lost mutation: Your body is slowly deteriorating. [potion of cure mutation]
 66574 | Vaults:5 | Entered Level 5 of the Vaults
 66664 | Vaults:5 | Reached skill level 15 in Armour
 66718 | Vaults:5 | Noticed an ancient lich
 66773 | Vaults:5 | Killed an ancient lich
 66787 | Vaults:5 | Killed from afar by a titan

Action                   |  1- 3 |  4- 6 |  7- 9 | 10-12 | 13-15 | 16-18 | 19-21 | 22-24 || total
-------------------------+-------+-------+-------+-------+-------+-------+-------+-------++-------
Melee: Unarmed           |    78 |   110 |   312 |   722 |  1701 |  1441 |  2024 |   830 ||  7218
Invok: Elemental Force   |       |       |       |       |     7 |     3 |     1 |       ||    11
       Upheaval          |       |       |       |       |     7 |    11 |    13 |       ||    31
       Disaster Area     |       |       |       |       |       |     3 |     4 |     4 ||    11
Evoke: Wand              |       |     6 |     2 |     1 |     2 |     3 |     2 |     1 ||    17
  Use: Scroll            |     5 |     1 |     5 |    11 |    12 |     3 |     8 |    11 ||    56
       Potion            |       |     6 |     3 |     3 |    13 |     9 |     6 |     9 ||    49
 Stab: Sleeping          |     1 |     1 |     3 |       |       |       |       |       ||     5
       Invisible         |       |     3 |       |       |     7 |     1 |       |       ||    11
       Fleeing           |       |       |       |       |     1 |       |       |       ||     1
       Held in net/web   |       |       |       |       |       |       |     3 |       ||     3
       Petrified         |       |       |       |       |       |       |     1 |       ||     1
  Eat: Chunk             |    17 |     9 |    48 |    67 |   149 |    94 |    97 |    41 ||   522
       Fruit             |       |       |     4 |       |     9 |    12 |     4 |       ||    29
       Royal jelly       |       |       |       |       |     3 |       |     6 |       ||     9
       Pizza             |       |       |       |       |     1 |     1 |     2 |       ||     4
       Meat ration       |       |       |       |       |       |     5 |     3 |     1 ||     9
       Bread ration      |       |       |       |       |       |     3 |     4 |       ||     7
       Beef jerky        |       |       |       |       |       |       |     3 |       ||     3
